Map: Echo LE (Void)

Players

Bop - Winner!

  • Race: Protoss Protoss

HandyDandy

  • Race: Protoss Protoss

VOD

Have the link to the VOD?

Description

Time

  • Played on: May 3, 2015, 3:48 a.m.
  • Length: 6:25
Show
View Real Time Build Order
Export as new Build Order

Bop Protoss - Winner!

Build Orders: Mass Adepts 

Get SALT Encoding   

  12  0:02  Probe  
  13  0:13  Pylon  
  13  0:17  Probe  
  14  0:31  Probe  
  15  0:36  Gateway  
  15  0:43  Probe (Chrono Boost)  
  16  0:55  Probe (Chrono Boost)  
  17  1:00  Assimilator  
  17  1:02  Assimilator  
  17  1:03  Probe (Chrono Boost)  
  18  1:06  Pylon  
  18  1:12  Probe  
  19  1:23  Cybernetics Core  
  19  1:24  Probe (Chrono Boost)  
  20  1:36  Probe (Chrono Boost)  
  21  1:41  Pylon  
  21  1:44  Probe (Chrono Boost)  
  22  1:54  Gateway x2  
  22  1:59  Warp Gate (Chrono Boost)  
  22  2:03  Adept  
  24  2:10  Mothership Core  
  28  2:38  Adept (Chrono Boost)  
  28  2:42  Adept (Chrono Boost)  
  32  2:47  Gateway  
  32  2:49  Adept (Chrono Boost)  
  32  2:58  Adept  
  34  3:10  Adept x2  
  38  3:16  Gateway  
  38  3:17  Pylon  
  38  3:20  Pylon  
  38  3:53  Pylon  
  38  3:57  Adept x4  
  46  4:23  Pylon  
  42  4:27  Adept x2  
  42  4:28  Adept x2  
  42  4:45  Sentry  
  42  4:46  Sentry  
  44  4:53  Sentry x3, Pylon  
  50  5:05  Pylon  
  48  5:14  Adept x2  
  52  5:24  Adept x2  
  52  5:40  Adept x2  
  54  5:49  Adept  
  52  5:54  Adept  
  52  5:57  Probe  
  51  6:09  Probe  
Show
View Real Time Build Order
Export as new Build Order

HandyDandy Protoss 

Build Orders: Immortal Drop 

Get SALT Encoding   

  12  0:08  Pylon  
  12  0:13  Probe  
  13  0:25  Probe  
  14  0:30  Gateway  
  14  0:37  Probe (Chrono Boost)  
  15  0:44  Assimilator  
  15  0:49  Probe (Chrono Boost)  
  16  0:54  Assimilator  
  16  0:55  Probe (Chrono Boost)  
  17  1:08  Probe (Chrono Boost)  
  17  1:10  Pylon  
  19  1:19  Cybernetics Core  
  19  1:20  Probe (Chrono Boost)  
  19  1:27  Probe (Chrono Boost)  
  20  1:37  Probe  
  21  1:49  Probe (Chrono Boost)  
  22  1:56  Warp Gate  
  22  1:57  Adept  
  22  1:59  Probe (Chrono Boost)  
  25  2:07  Robotics Facility  
  25  2:09  Pylon  
  25  2:11  Probe (Chrono Boost)  
  28  2:23  Mothership Core (Chrono Boost)  
  28  2:25  Stalker  
  30  2:47  Probe  
  31  2:56  Immortal (Chrono Boost)  
  35  3:09  Probe  
  35  3:12  Nexus  
  34  3:19  Stalker  
  36  3:25  Probe  
  37  3:37  Observer (Chrono Boost), Pylon  
  38  3:42  Robotics Bay  
  38  3:57  Gateway  
  38  4:07  Warp Prism (Chrono Boost)  
  36  4:25  Probe (Chrono Boost)  
  36  4:27  Stalker  
  40  4:31  Probe (Chrono Boost)  
  40  4:32  Gravitic Drive  
  38  4:49  Immortal (Chrono Boost)  
  36  4:57  Stalker x2  
  39  5:21  Immortal (Chrono Boost)  
  32  5:28  Stalker  
  32  5:29  Stalker  
  32  5:35  Probe  
Tags
 
Add a new tag
Caveats
  • Supply blocks, unpowered buildings, or Contaminate may cause inaccurate times.
  • Supply counts are checked every 10 seconds.